Maple Leafs vs Kings
(R1)
Created - April 13, 2021 at 19:01
Goals
|
| Maple Leafs |
1 |
3 |
2 |
6 |
| Kings |
2 |
1 |
1 |
4 |
|
Shots
|
| Maple Leafs |
9 |
10 |
17 |
36 |
| Kings |
12 |
2 |
12 |
26 |
|
1st period
1. Kings , Tyler Toffoli 33 (David Pastrnak 24) at 1:18 (PP)
2. Kings , Benoit Pouliot 15 (Sean Monahan 16, Mats Zuccarello 23) at 6:34
3. Maple Leafs , John Klingberg 9 (Patrick Kane 43, Claude Giroux 37) at 14:51
Penalties :
Braydon Coburn (Tor) for High sticking (Minor) at 1:09, Anze Kopitar (LAK) for Holding Stick (Minor) at 2:05, Patrick Kane (Tor) for Tripping (Minor) at 2:09, Anze Kopitar (LAK) for Roughing (Minor) at 17:22
2nd period
4. Maple Leafs , Brayden Schenn 26 (Claude Giroux 38) at 2:37 (PP)
5. Maple Leafs , Ben Smith 21 (Braydon Coburn 18) at 7:03
6. Kings , Sean Monahan 12 (Mats Zuccarello 24, Benoit Pouliot 32) at 7:21
7. Maple Leafs , Patrick Kane 49 (Claude Giroux 39, Brayden Schenn 44) at 10:21
Penalties :
Mats Zuccarello (LAK) for Goalie Interference (Minor) at 2:21, Ben Smith (Tor) for Hooking (Minor) at 15:11, Sean Monahan (LAK) for Hooking (Minor) at 18:21
3rd period
8. Maple Leafs , Jake Guentzel 14 (Logan Couture 25, Ben Smith 22) at 2:36 (PP)
9. Kings , Kyle Okposo 21 (Colton Parayko 17) at 18:50
10. Maple Leafs , Brayden Schenn 27 (Braydon Coburn 19, Claude Giroux 40) at 19:57
Penalties :
Anze Kopitar (LAK) for Interference (Minor) at 1:51, Oliver Ekman-Larsson (LAK) for Holding (Minor) at 4:23, Logan Couture (Tor) for Hooking (Minor) at 9:04, Drew Fata (LAK) for Roughing (Minor) at 13:13
Goalie Stats
John Gibson (Tor), 22 saves from 26 shots - (0.846), W, 17-18-6, 60:00 minutes
Tuukka Rask (LAK), 30 saves from 36 shots - (0.833), L, 25-16-8, 60:00 minutes
Players Stats for Maple Leafs
Player Name G A P +/- PIM S H SB GA TA FO MP PP MP PK MP
------------------------------------------------------------------------------------
Andre Burakovsky 0 0 0 -1 0 4 0 0 2 0 0/0 11:59 0:00 0:08
Beau Bennett 0 0 0 -1 0 0 1 0 1 0 0/0 11:49 0:00 0:00
Ben Smith 1 1 2 0 2 3 6 0 0 0 1/1 14:45 3:57 0:00
Blake Comeau 0 0 0 0 0 0 0 0 0 0 0/0 6:08 0:00 0:00
Brayden Schenn 2 1 3 2 0 4 3 0 0 0 16/29 22:55 5:04 1:14
Braydon Coburn 0 2 2 2 2 0 2 0 0 1 0/0 21:57 2:54 1:56
Calvin de Haan 0 0 0 -2 0 1 0 1 0 0 0/0 9:34 0:00 0:00
Chris Kelly 0 0 0 0 0 2 0 0 0 1 5/6 7:39 0:00 1:15
Claude Giroux 0 4 4 2 0 4 2 0 1 0 2/3 24:00 5:04 2:14
Dany Heatley 0 0 0 0 0 0 0 0 0 0 0/0 8:15 0:00 1:29
Hampus Lindholm 0 0 0 1 0 2 1 2 1 1 0/0 20:51 2:54 1:56
Jake Guentzel 1 0 1 0 0 3 0 0 0 1 0/1 14:41 3:57 0:00
John Klingberg 1 0 1 1 0 1 0 0 1 0 0/0 28:28 6:07 2:15
Kevin Shattenkirk 0 0 0 2 0 1 3 2 2 1 0/0 29:35 6:07 2:15
Logan Couture 0 1 1 0 2 0 1 0 0 0 13/17 17:10 3:57 1:19
Mika Zibanejad 0 0 0 -1 0 4 0 0 1 1 6/13 13:02 0:00 0:23
Patrick Kane 1 1 2 2 2 7 2 0 0 0 0/0 21:28 5:03 0:20
Ryan Parent 0 0 0 -2 0 0 0 0 0 0 0/0 9:34 0:00 0:00
Players Stats for Kings
Player Name G A P +/- PIM S H SB GA TA FO MP PP MP PK MP
------------------------------------------------------------------------------------
Anze Kopitar 0 0 0 -2 6 1 2 0 1 0 7/24 18:18 1:38 1:27
Benoit Pouliot 1 1 2 1 0 5 2 1 1 1 1/1 12:59 0:39 0:15
Colton Parayko 0 1 1 0 0 0 3 2 0 0 0/0 28:10 2:10 5:44
David Pastrnak 0 1 1 -1 0 3 0 0 1 0 0/1 15:00 1:26 0:00
Drew Fata 0 0 0 0 2 0 2 2 0 1 0/0 21:17 0:00 2:18
Eric Gryba 0 0 0 1 0 0 0 1 0 1 0/0 10:17 0:00 3:16
Eric Nystrom 0 0 0 0 0 2 0 0 0 0 5/9 10:18 0:00 5:56
Gabriel Landeskog 0 0 0 0 0 0 2 1 1 0 0/0 18:53 2:06 2:50
Jacob Josefson 0 0 0 0 0 1 0 0 0 0 1/3 5:05 0:03 0:19
Kyle Okposo 1 0 1 -1 0 3 3 0 0 0 0/1 16:56 2:03 0:00
Mats Zuccarello 0 2 2 1 2 2 0 0 0 0 1/1 17:39 0:00 5:40
Nathan MacKinnon 0 0 0 0 0 1 1 2 0 0 5/13 15:46 2:03 0:00
Oliver Ekman-Larsson 0 0 0 -2 2 0 0 1 1 1 0/0 27:27 2:01 4:21
Sean Monahan 1 1 2 1 2 1 1 0 1 0 7/15 13:52 0:41 0:00
Seth Jones 0 0 0 -2 0 3 0 1 0 3 0/0 22:57 2:01 1:25
Steve Bernier 0 0 0 0 0 1 0 0 0 0 0/0 4:38 0:21 0:00
Tyler Toffoli 1 0 1 -2 0 3 1 0 0 2 0/2 19:24 1:33 1:35
Vitaly Vishnevsky 0 0 0 1 0 0 0 0 0 0 0/0 10:01 2:10 0:58
3 Stars
1 - Brayden Schenn (Tor)
2 - Claude Giroux (Tor)
3 - Ben Smith (Tor)
Power Play
Maple Leafs - 2 on 7 Attempt(s) - 28.57%
Kings - 1 on 4 Attempt(s) - 25.00%
Penalty Kill
Maple Leafs - 3 on 4 Attempt(s) - 75.00%
- Score 0 goal in Penalty Kill
Kings - 5 on 7 Attempt(s) - 71.43%
- Score 0 goal in Penalty Kill
Team Stat
Maple Leafs - Hits : 21 - Faceoff Wins : 43 - Blocked Shots : 5 - Penalty Minutes : 8
Kings - Hits : 17 - Faceoff Wins : 27 - Blocked Shots : 11 - Penalty Minutes : 14
Official
Referees : Unknown
Linesman : Unknown
Game Notes
No Game Note
Finance
Level 1 -- Attendance: 6000 (100.00%) -- Ticket Income $600,000
Level 2 -- Attendance: 4782 (95.64%) -- Ticket Income $286,920
Level 3 -- Attendance: 2000 (100.00%) -- Ticket Income $60,000
Level 4 -- Attendance: 4000 (100.00%) -- Ticket Income $80,000
Luxury Box -- Attendance: 957 (95.70%) -- Ticket Income $167,475
Game was played at the Staples Center.
Total Attendance: 17739 (98.55%)
Total Ticket Income: $1,194,395
Other Income: $179,159
Total Income: $1,373,554
Maple Leafs
5 vs 5 Forward
Center Left Wing Right Wing Time % Phy DF OF
1 Brayden Schenn Claude Giroux Patrick Kane 40 1 2 2
2 Logan Couture Jake Guentzel Ben Smith 30 1 2 2
3 Mika Zibanejad Andre Burakovsky Beau Bennett 20 1 2 2
4 Chris Kelly Dany Heatley Blake Comeau 10 1 2 2
5 vs 5 Defense
Defense Defense Time % Phy DF OF
1 Kevin Shattenkirk John Klingberg 40 1 2 2
2 Braydon Coburn Hampus Lindholm 30 1 2 2
3 Ryan Parent Calvin de Haan 20 1 2 2
4 Kevin Shattenkirk John Klingberg 10 1 2 2
PowerPlay Forward
Center Left Wing Right Wing Time % Phy DF OF
1 Brayden Schenn Claude Giroux Patrick Kane 60 1 2 2
2 Logan Couture Jake Guentzel Ben Smith 40 1 2 2
PowerPlay Defense
Defense Defense Time % Phy DF OF
1 Kevin Shattenkirk John Klingberg 60 1 2 2
2 Braydon Coburn Hampus Lindholm 40 1 2 2
Penalty Kill 4 Players Forward
Center Wing Time % Phy DF OF
1 Logan Couture Claude Giroux 60 1 2 2
2 Brayden Schenn Patrick Kane 40 1 2 2
Penalty Kill 4 Players Defense
Defense Defense Time % Phy DF OF
1 Kevin Shattenkirk John Klingberg 60 1 2 2
2 Braydon Coburn Hampus Lindholm 40 1 2 2
Penalty Kill - 3 Players Forward
Forward Time % Phy DF OF
1 Brayden Schenn 60 1 2 2
2 Logan Couture 40 1 2 2
Penalty Kill - 3 Players Defense
Defense Defense Time % Phy DF OF
1 Kevin Shattenkirk John Klingberg 60 1 2 2
2 Braydon Coburn Hampus Lindholm 40 1 2 2
4 vs 4 Forward
Center Wing Time % Phy DF OF
1 Logan Couture Patrick Kane 60 1 2 2
2 Brayden Schenn Claude Giroux 40 1 2 2
4 vs 4 Defense
Defense Defense Time % Phy DF OF
1 Kevin Shattenkirk John Klingberg 60 1 2 2
2 Braydon Coburn Hampus Lindholm 40 1 2 2
Last Minutes Offensive
Center Left Wing Right Wing Defense Defense
Brayden Schenn Claude Giroux Patrick Kane Kevin Shattenkirk John Klingberg
Last Minutes Defensive
Center Left Wing Right Wing Defense Defense
Brayden Schenn Claude Giroux Patrick Kane Kevin Shattenkirk Braydon Coburn
Goaltenders
Starting : John Gibson
Backup : Tyler Weiman
Extra Forwards
Normal : Mika Zibanejad, Dany Heatley, Chris Kelly - PP : Mika Zibanejad, Dany Heatley - PK : Chris Kelly
Extra Defensemen
Normal : Ryan Parent, Calvin de Haan, Braydon Coburn - PP : Ryan Parent - PK : Calvin de Haan, Braydon Coburn
Penalty Shots
Claude Giroux, Patrick Kane, Brayden Schenn, Ben Smith, Logan Couture
Scratches
None
Kings
5 vs 5 Forward
Center Left Wing Right Wing Time % Phy DF OF
1 Anze Kopitar Tyler Toffoli David Pastrnak 35 1 2 2
2 Nathan MacKinnon Gabriel Landeskog Kyle Okposo 33 1 2 2
3 Sean Monahan Benoit Pouliot Mats Zuccarello 31 1 2 2
4 Jacob Josefson Eric Nystrom Steve Bernier 1 1 2 2
5 vs 5 Defense
Defense Defense Time % Phy DF OF
1 Oliver Ekman-Larsson Seth Jones 40 1 2 2
2 Colton Parayko Drew Fata 40 1 2 2
3 Vitaly Vishnevsky Eric Gryba 10 1 2 2
4 Oliver Ekman-Larsson Colton Parayko 10 1 2 2
PowerPlay Forward
Center Left Wing Right Wing Time % Phy DF OF
1 Anze Kopitar Tyler Toffoli David Pastrnak 50 1 2 2
2 Nathan MacKinnon Gabriel Landeskog Kyle Okposo 50 1 2 2
PowerPlay Defense
Defense Defense Time % Phy DF OF
1 Seth Jones Oliver Ekman-Larsson 60 1 2 2
2 Colton Parayko Vitaly Vishnevsky 40 1 2 2
Penalty Kill 4 Players Forward
Center Wing Time % Phy DF OF
1 Eric Nystrom Mats Zuccarello 60 1 2 2
2 Anze Kopitar Gabriel Landeskog 40 1 2 2
Penalty Kill 4 Players Defense
Defense Defense Time % Phy DF OF
1 Oliver Ekman-Larsson Colton Parayko 60 1 2 2
2 Eric Gryba Drew Fata 40 1 2 2
Penalty Kill - 3 Players Forward
Forward Time % Phy DF OF
1 Gabriel Landeskog 60 1 2 2
2 Anze Kopitar 40 1 2 2
Penalty Kill - 3 Players Defense
Defense Defense Time % Phy DF OF
1 Oliver Ekman-Larsson Colton Parayko 60 1 2 2
2 Eric Gryba Drew Fata 40 1 2 2
4 vs 4 Forward
Center Wing Time % Phy DF OF
1 Anze Kopitar Tyler Toffoli 60 1 2 2
2 Gabriel Landeskog Kyle Okposo 40 1 2 2
4 vs 4 Defense
Defense Defense Time % Phy DF OF
1 Seth Jones Oliver Ekman-Larsson 60 1 2 2
2 Colton Parayko Drew Fata 40 1 2 2
Last Minutes Offensive
Center Left Wing Right Wing Defense Defense
Anze Kopitar Tyler Toffoli Kyle Okposo Oliver Ekman-Larsson Seth Jones
Last Minutes Defensive
Center Left Wing Right Wing Defense Defense
Anze Kopitar Gabriel Landeskog Mats Zuccarello Colton Parayko Oliver Ekman-Larsson
Goaltenders
Starting : Tuukka Rask
Backup : Martin Jones
Extra Forwards
Normal : Anze Kopitar, Sean Monahan, Nathan MacKinnon - PP : Sean Monahan, Benoit Pouliot - PK : Tyler Toffoli
Extra Defensemen
Normal : Seth Jones, Colton Parayko, Oliver Ekman-Larsson - PP : Drew Fata - PK : Seth Jones, Vitaly Vishnevsky
Penalty Shots
Anze Kopitar, Benoit Pouliot, David Pastrnak, Sean Monahan, Mats Zuccarello
Scratches
Jeff Petry (Healthy)
% Time on Ice - Maple Leafs
Lines # - Real PCT - Wanted PCT - Time Play
Normal Forward
1 - 33% - 40% - 14:34
2 - 26% - 30% - 11:15
3 - 27% - 20% - 11:49
4 - 14% - 10% - 6:08
Normal Defense
1 - 39% - 40% - 17:02
2 - 35% - 30% - 15:29
3 - 22% - 20% - 9:34
4 - 4% - 10% - 1:41
PP Forward
1 - 56% - 60% - 5:04
2 - 44% - 40% - 3:57
PP Defense
1 - 68% - 60% - 6:07
2 - 32% - 40% - 2:54
PK Forward
1 - 90% - 60% - 3:47
2 - 10% - 40% - 0:24
PK Defense
1 - 54% - 60% - 2:15
2 - 46% - 40% - 1:56
PK3 Forward
1 - 0% - 60%
2 - 0% - 40%
PK3 Defense
1 - 0% - 60%
2 - 0% - 40%
44 Forward
1 - 72% - 60% - 1:23
2 - 28% - 40% - 0:32
44 Defense
1 - 72% - 60% - 1:23
2 - 28% - 40% - 0:32
Last Minute Offensive - 0:00
Last Minute Defensive - 1:07
Total
Forward - 60:00
Defense - 60:00
|
% Time on Ice - Kings
Lines # - Real PCT - Wanted PCT - Time Play
Normal Forward
1 - 33% - 35% - 14:20
2 - 30% - 33% - 13:14
3 - 27% - 31% - 11:55
4 - 10% - 1% - 4:17
Normal Defense
1 - 41% - 40% - 17:54
2 - 41% - 40% - 18:02
3 - 15% - 10% - 6:47
4 - 2% - 10% - 1:03
PP Forward
1 - 45% - 50% - 1:52
2 - 55% - 50% - 2:19
PP Defense
1 - 48% - 60% - 2:01
2 - 52% - 40% - 2:10
PK Forward
1 - 80% - 60% - 7:15
2 - 20% - 40% - 1:46
PK Defense
1 - 64% - 60% - 5:44
2 - 36% - 40% - 3:17
PK3 Forward
1 - 0% - 60%
2 - 0% - 40%
PK3 Defense
1 - 0% - 60%
2 - 0% - 40%
44 Forward
1 - 72% - 60% - 1:23
2 - 28% - 40% - 0:32
44 Defense
1 - 50% - 60% - 0:57
2 - 50% - 40% - 0:58
Last Minute Offensive - 1:07
Last Minute Defensive - 0:00
Total
Forward - 60:00
Defense - 60:00
|
Play-by-Play
1st period
0:01 of 1st period - Brayden Schenn wins face-off versus Anze Kopitar in neutral zone.
1:09 of 1st period - Minor Penalty to Braydon Coburn for High sticking.
1:10 of 1st period - Logan Couture wins face-off versus David Pastrnak in Maple Leafs zone.
1:18 of 1st period - Snap shot by David Pastrnak.
1:18 of 1st period - Deflect By Tyler Toffoli.
1:18 of 1st period - Goal by Tyler Toffoli - Maple Leafs : 0 - Kings : 1.
1:19 of 1st period - Mika Zibanejad wins face-off versus Sean Monahan in neutral zone.
1:44 of 1st period - Wrist shot by Ben Smith.
1:44 of 1st period - Shot Blocked by Eric Gryba.
1:46 of 1st period - Slapshot by Logan Couture.
1:46 of 1st period - Deflect By Ben Smith.
1:46 of 1st period - Shot Misses the Net.
1:46 of 1st period - Puck is out of play.
1:47 of 1st period - Logan Couture wins face-off versus Anze Kopitar in Kings zone.
2:05 of 1st period - Minor Penalty to Anze Kopitar for Holding Stick.
2:06 of 1st period - Brayden Schenn wins face-off versus Eric Nystrom in Kings zone.
2:09 of 1st period - Minor Penalty to Patrick Kane for Tripping.
2:10 of 1st period - Sean Monahan wins face-off versus Logan Couture in Maple Leafs zone.
2:22 of 1st period - Wrist shot by Tyler Toffoli.
2:22 of 1st period - Shot Misses the Net.
2:36 of 1st period - Kevin Shattenkirk is hit by Kyle Okposo and loses puck.
4:05 of 1st period - Penalty to Anze Kopitar is over, Anze Kopitar is back on ice.
4:09 of 1st period - Penalty to Patrick Kane is over, Patrick Kane is back on ice.
4:21 of 1st period - Snap shot by Claude Giroux.
4:21 of 1st period - Shot Misses the Net.
4:39 of 1st period - Snap shot by Anze Kopitar.
4:39 of 1st period - Deflect By Tyler Toffoli.
4:39 of 1st period - Stopped by John Gibson without a rebound.
4:40 of 1st period - Mika Zibanejad wins face-off versus Nathan MacKinnon in Maple Leafs zone.
4:47 of 1st period - Ryan Parent is hit by Kyle Okposo.
5:14 of 1st period - Snap shot by Steve Bernier.
5:14 of 1st period - Stopped by John Gibson with a rebound.
6:20 of 1st period - Wrist shot by Jake Guentzel.
6:20 of 1st period - Stopped by Tuukka Rask without a rebound.
6:21 of 1st period - Benoit Pouliot wins face-off versus Logan Couture in Kings zone.
6:26 of 1st period - Slapshot by Oliver Ekman-Larsson.
6:26 of 1st period - Shot Misses the Net.
6:34 of 1st period - Snap shot by Benoit Pouliot.
6:34 of 1st period - Goal by Benoit Pouliot - Maple Leafs : 0 - Kings : 2.
6:35 of 1st period - Sean Monahan wins face-off versus Brayden Schenn in neutral zone.
6:46 of 1st period - Wrist shot by Benoit Pouliot.
6:46 of 1st period - Shot Misses the Net.
6:48 of 1st period - Snap shot by Mats Zuccarello.
6:48 of 1st period - Stopped by John Gibson without a rebound.
6:49 of 1st period - Brayden Schenn wins face-off versus Anze Kopitar in Maple Leafs zone.
7:02 of 1st period - Slapshot by Kevin Shattenkirk.
7:02 of 1st period - Shot Blocked by Oliver Ekman-Larsson.
7:15 of 1st period - Icing by David Pastrnak.
7:16 of 1st period - Mika Zibanejad wins face-off versus Sean Monahan in Kings zone.
7:21 of 1st period - Snap shot by Mika Zibanejad.
7:21 of 1st period - Stopped by Tuukka Rask without a rebound.
7:22 of 1st period - Sean Monahan wins face-off versus Mika Zibanejad in Kings zone.
7:29 of 1st period - Snap shot by Mika Zibanejad.
7:29 of 1st period - Stopped by Tuukka Rask with a rebound.
7:55 of 1st period - Snap shot by Sean Monahan.
7:55 of 1st period - Shot Misses the Net.
9:09 of 1st period - Snap shot by Benoit Pouliot.
9:09 of 1st period - Stopped by John Gibson without a rebound.
9:10 of 1st period - Brayden Schenn wins face-off versus Anze Kopitar in Maple Leafs zone.
9:23 of 1st period - Slapshot by Seth Jones.
9:23 of 1st period - Stopped by John Gibson with a rebound.
9:25 of 1st period - Slapshot by Oliver Ekman-Larsson.
9:25 of 1st period - Shot Blocked by Kevin Shattenkirk.
9:27 of 1st period - Wrist shot by Anze Kopitar.
9:27 of 1st period - Shot Misses the Net.
10:01 of 1st period - Slapshot by Kevin Shattenkirk.
10:01 of 1st period - Shot Misses the Net.
10:03 of 1st period - Wrist shot by John Klingberg.
10:03 of 1st period - Shot Misses the Net.
10:11 of 1st period - Slapshot by John Klingberg.
10:11 of 1st period - Shot Misses the Net.
10:39 of 1st period - Claude Giroux is hit by Gabriel Landeskog and loses puck.
10:48 of 1st period - Seth Jones is hit by Brayden Schenn.
11:04 of 1st period - Snap shot by Brayden Schenn.
11:04 of 1st period - Stopped by Tuukka Rask without a rebound.
11:05 of 1st period - Logan Couture wins face-off versus Anze Kopitar in Kings zone.
11:17 of 1st period - David Pastrnak is hit by Logan Couture and loses puck.
11:37 of 1st period - Hampus Lindholm is hit by Tyler Toffoli and loses puck.
11:45 of 1st period - Icing by Hampus Lindholm.
11:46 of 1st period - Chris Kelly wins face-off versus Nathan MacKinnon in Maple Leafs zone.
11:51 of 1st period - Slapshot by Hampus Lindholm.
11:51 of 1st period - Stopped by Tuukka Rask without a rebound.
11:52 of 1st period - Nathan MacKinnon wins face-off versus Brayden Schenn in Kings zone.
11:57 of 1st period - Oliver Ekman-Larsson is hit by Brayden Schenn and loses puck.
12:18 of 1st period - Ryan Parent is hit by Benoit Pouliot and loses puck.
12:39 of 1st period - Snap shot by Steve Bernier.
12:39 of 1st period - Shot Misses the Net.
12:47 of 1st period - Snap shot by Jacob Josefson.
12:47 of 1st period - Stopped by John Gibson with a rebound.
12:58 of 1st period - Icing by Ryan Parent.
12:59 of 1st period - Logan Couture wins face-off versus Anze Kopitar in Maple Leafs zone.
13:26 of 1st period - Chris Kelly is hit by Gabriel Landeskog and loses puck.
13:53 of 1st period - Sean Monahan is hit by Hampus Lindholm and loses puck.
14:06 of 1st period - Wrist shot by Seth Jones.
14:06 of 1st period - Deflect By Claude Giroux.
14:06 of 1st period - Stopped by John Gibson with a rebound.
14:08 of 1st period - Snap shot by Oliver Ekman-Larsson.
14:08 of 1st period - Shot Blocked by Kevin Shattenkirk.
14:10 of 1st period - Snap shot by Eric Nystrom.
14:10 of 1st period - Stopped by John Gibson with a rebound.
14:12 of 1st period - Slapshot by Seth Jones.
14:12 of 1st period - Stopped by John Gibson without a rebound.
14:13 of 1st period - Logan Couture wins face-off versus Jacob Josefson in Maple Leafs zone.
14:13 of 1st period - Logan Couture is hit by Colton Parayko.
14:29 of 1st period - Slapshot by John Klingberg.
14:29 of 1st period - Shot Hit the Post.
14:49 of 1st period - Slapshot by Patrick Kane.
14:49 of 1st period - Stopped by Tuukka Rask with a rebound.
14:51 of 1st period - Snap shot by John Klingberg.
14:51 of 1st period - Goal by John Klingberg - Maple Leafs : 1 - Kings : 2.
14:52 of 1st period - Claude Giroux wins face-off versus Anze Kopitar in neutral zone.
15:42 of 1st period - Off-side.
15:43 of 1st period - Jacob Josefson wins face-off versus Mika Zibanejad in neutral zone.
15:54 of 1st period - Slapshot by Mika Zibanejad.
15:54 of 1st period - Stopped by Tuukka Rask without a rebound.
15:55 of 1st period - Anze Kopitar wins face-off versus Brayden Schenn in Kings zone.
17:22 of 1st period - Minor Penalty to Anze Kopitar for Roughing.
17:23 of 1st period - Brayden Schenn wins face-off versus Eric Nystrom in Kings zone.
17:32 of 1st period - Slapshot by Kevin Shattenkirk.
17:32 of 1st period - Shot Blocked by Colton Parayko.
17:34 of 1st period - Slapshot by Kevin Shattenkirk.
17:34 of 1st period - Stopped by Tuukka Rask without a rebound.
17:35 of 1st period - Eric Nystrom wins face-off versus Claude Giroux in Kings zone.
18:12 of 1st period - Wrist shot by Logan Couture.
18:12 of 1st period - Shot Misses the Net.
19:20 of 1st period - Oliver Ekman-Larsson is hit by Claude Giroux and loses puck.
19:22 of 1st period - Penalty to Anze Kopitar is over, Anze Kopitar is back on ice.
19:33 of 1st period - Wrist shot by Anze Kopitar.
19:33 of 1st period - Stopped by John Gibson without a rebound.
19:34 of 1st period - Mika Zibanejad wins face-off versus Anze Kopitar in Maple Leafs zone.
Goals for this period are 1 for Maple Leafs vs 2 for Kings.
Shots for this period are 9 for Maple Leafs vs 12 for Kings.
2nd period
0:01 of 2nd period - Nathan MacKinnon wins face-off versus Brayden Schenn in neutral zone.
0:16 of 2nd period - Wrist shot by Gabriel Landeskog.
0:16 of 2nd period - Deflect By Kyle Okposo.
0:16 of 2nd period - Stopped by John Gibson with a rebound.
0:26 of 2nd period - Seth Jones is hit by Ben Smith and loses puck.
1:40 of 2nd period - Slapshot by Oliver Ekman-Larsson.
1:40 of 2nd period - Shot Blocked by Calvin de Haan.
2:14 of 2nd period - Benoit Pouliot is hit by Braydon Coburn and loses puck.
2:19 of 2nd period - Snap shot by Kevin Shattenkirk.
2:19 of 2nd period - Shot Misses the Net.
2:21 of 2nd period - Minor Penalty to Mats Zuccarello for Goalie Interference.
2:22 of 2nd period - Brayden Schenn wins face-off versus Eric Nystrom in Kings zone.
2:37 of 2nd period - Wrist shot by Brayden Schenn.
2:37 of 2nd period - Goal by Brayden Schenn - Maple Leafs : 2 - Kings : 2.
2:38 of 2nd period - Brayden Schenn wins face-off versus Nathan MacKinnon in neutral zone.
2:51 of 2nd period - Wrist shot by Nathan MacKinnon.
2:51 of 2nd period - Shot Misses the Net.
3:03 of 2nd period - Kevin Shattenkirk is hit by Drew Fata and loses puck.
4:06 of 2nd period - Snap shot by Gabriel Landeskog.
4:06 of 2nd period - Shot Hit the Post.
5:09 of 2nd period - Brayden Schenn is hit by Nathan MacKinnon and loses puck.
5:37 of 2nd period - Colton Parayko is hit by Claude Giroux and loses puck.
5:54 of 2nd period - Snap shot by Patrick Kane.
5:54 of 2nd period - Stopped by Tuukka Rask without a rebound.
5:55 of 2nd period - Anze Kopitar wins face-off versus Jake Guentzel in Kings zone.
6:18 of 2nd period - Tyler Toffoli is hit by Ben Smith and loses puck.
7:03 of 2nd period - Snap shot by Ben Smith.
7:03 of 2nd period - Goal by Ben Smith - Maple Leafs : 3 - Kings : 2.
7:04 of 2nd period - Sean Monahan wins face-off versus Mika Zibanejad in neutral zone.
7:21 of 2nd period - Snap shot by Mats Zuccarello.
7:21 of 2nd period - Deflect By Sean Monahan.
7:21 of 2nd period - Goal by Sean Monahan - Maple Leafs : 3 - Kings : 3.
7:22 of 2nd period - Logan Couture wins face-off versus Sean Monahan in neutral zone.
7:24 of 2nd period - Off-side.
7:25 of 2nd period - Logan Couture wins face-off versus Sean Monahan in neutral zone.
7:34 of 2nd period - Slapshot by Ben Smith.
7:34 of 2nd period - Shot Misses the Net.
8:00 of 2nd period - Icing by Seth Jones.
8:01 of 2nd period - Anze Kopitar wins face-off versus Chris Kelly in Kings zone.
8:07 of 2nd period - Off-side.
8:08 of 2nd period - Chris Kelly wins face-off versus Sean Monahan in neutral zone.
8:33 of 2nd period - John Klingberg is hit by Colton Parayko and loses puck.
9:03 of 2nd period - Wrist shot by Ben Smith.
9:03 of 2nd period - Stopped by Tuukka Rask with a rebound.
10:05 of 2nd period - Icing by David Pastrnak.
10:06 of 2nd period - Claude Giroux wins face-off versus Anze Kopitar in Kings zone.
10:09 of 2nd period - Wrist shot by Patrick Kane.
10:09 of 2nd period - Deflect By Brayden Schenn.
10:09 of 2nd period - Shot Blocked by Drew Fata.
10:09 of 2nd period - Puck is out of play.
10:10 of 2nd period - Brayden Schenn wins face-off versus Sean Monahan in Kings zone.
10:19 of 2nd period - Wrist shot by Claude Giroux.
10:19 of 2nd period - Shot Misses the Net.
10:21 of 2nd period - Snap shot by Patrick Kane.
10:21 of 2nd period - Goal by Patrick Kane - Maple Leafs : 4 - Kings : 3.
10:22 of 2nd period - Brayden Schenn wins face-off versus Anze Kopitar in neutral zone.
10:48 of 2nd period - Oliver Ekman-Larsson is hit by Braydon Coburn.
10:56 of 2nd period - Backhand shot by John Klingberg.
10:56 of 2nd period - Shot Misses the Net.
12:20 of 2nd period - Backhand shot by Claude Giroux.
12:20 of 2nd period - Shot Misses the Net.
12:22 of 2nd period - Slapshot by Calvin de Haan.
12:22 of 2nd period - Shot Blocked by Benoit Pouliot.
12:24 of 2nd period - Snap shot by Brayden Schenn.
12:24 of 2nd period - Stopped by Tuukka Rask with a rebound.
12:54 of 2nd period - Snap shot by Chris Kelly.
12:54 of 2nd period - Stopped by Tuukka Rask without a rebound.
12:55 of 2nd period - Chris Kelly wins face-off versus Anze Kopitar in Kings zone.
13:28 of 2nd period - Slapshot by Claude Giroux.
13:28 of 2nd period - Deflect By Patrick Kane.
13:28 of 2nd period - Stopped by Tuukka Rask with a rebound.
13:30 of 2nd period - Snap shot by Patrick Kane.
13:30 of 2nd period - Stopped by Tuukka Rask with a rebound.
13:32 of 2nd period - Slapshot by Braydon Coburn.
13:32 of 2nd period - Shot Misses the Net.
13:34 of 2nd period - Snap shot by Claude Giroux.
13:34 of 2nd period - Stopped by Tuukka Rask with a rebound.
13:46 of 2nd period - Slapshot by Kevin Shattenkirk.
13:46 of 2nd period - Shot Misses the Net.
13:48 of 2nd period - Snap shot by Ben Smith.
13:48 of 2nd period - Shot Blocked by Nathan MacKinnon.
13:50 of 2nd period - Backhand shot by John Klingberg.
13:50 of 2nd period - Shot Misses the Net.
13:52 of 2nd period - Slapshot by Kevin Shattenkirk.
13:52 of 2nd period - Shot Blocked by Gabriel Landeskog.
15:11 of 2nd period - Minor Penalty to Ben Smith for Hooking.
15:12 of 2nd period - Nathan MacKinnon wins face-off versus Logan Couture in Maple Leafs zone.
15:27 of 2nd period - Hampus Lindholm is hit by Kyle Okposo and loses puck.
15:54 of 2nd period - Anze Kopitar is hit by Patrick Kane and loses puck.
17:01 of 2nd period - Icing by Gabriel Landeskog.
17:02 of 2nd period - Logan Couture wins face-off versus Kyle Okposo in Kings zone.
17:11 of 2nd period - Penalty to Ben Smith is over, Ben Smith is back on ice.
18:21 of 2nd period - Minor Penalty to Sean Monahan for Hooking.
18:22 of 2nd period - Eric Nystrom wins face-off versus Brayden Schenn in Kings zone.
18:55 of 2nd period - Wrist shot by Ben Smith.
18:55 of 2nd period - Shot Misses the Net.
18:57 of 2nd period - Snap shot by Logan Couture.
18:57 of 2nd period - Shot Misses the Net.
18:59 of 2nd period - Wrist shot by Logan Couture.
18:59 of 2nd period - Deflect By Jake Guentzel.
18:59 of 2nd period - Shot Misses the Net.
18:59 of 2nd period - Puck is out of play.
19:00 of 2nd period - Logan Couture wins face-off versus Anze Kopitar in Kings zone.
Goals for this period are 3 for Maple Leafs vs 1 for Kings.
Shots for this period are 10 for Maple Leafs vs 2 for Kings.
3rd period
0:01 of 3rd period - Eric Nystrom wins face-off versus Brayden Schenn in neutral zone.
0:12 of 3rd period - Kevin Shattenkirk is hit by Colton Parayko and loses puck.
0:21 of 3rd period - Penalty to Sean Monahan is over, Sean Monahan is back on ice.
0:27 of 3rd period - Oliver Ekman-Larsson is hit by Ben Smith and loses puck.
0:52 of 3rd period - Slapshot by Mika Zibanejad.
0:52 of 3rd period - Stopped by Tuukka Rask without a rebound.
0:53 of 3rd period - Mika Zibanejad wins face-off versus Nathan MacKinnon in Kings zone.
0:56 of 3rd period - Snap shot by Andre Burakovsky.
0:56 of 3rd period - Stopped by Tuukka Rask with a rebound.
1:34 of 3rd period - Wrist shot by Mika Zibanejad.
1:34 of 3rd period - Deflect By Andre Burakovsky.
1:34 of 3rd period - Stopped by Tuukka Rask without a rebound.
1:35 of 3rd period - Anze Kopitar wins face-off versus Brayden Schenn in Kings zone.
1:40 of 3rd period - Wrist shot by Claude Giroux.
1:40 of 3rd period - Stopped by Tuukka Rask without a rebound.
1:41 of 3rd period - Brayden Schenn wins face-off versus Anze Kopitar in Kings zone.
1:51 of 3rd period - Minor Penalty to Anze Kopitar for Interference.
1:52 of 3rd period - Mats Zuccarello wins face-off versus Brayden Schenn in Kings zone.
2:04 of 3rd period - Wrist shot by Patrick Kane.
2:04 of 3rd period - Stopped by Tuukka Rask without a rebound.
2:05 of 3rd period - Brayden Schenn wins face-off versus Eric Nystrom in Kings zone.
2:34 of 3rd period - Snap shot by Logan Couture.
2:34 of 3rd period - Shot Misses the Net.
2:36 of 3rd period - Snap shot by Jake Guentzel.
2:36 of 3rd period - Goal by Jake Guentzel - Maple Leafs : 5 - Kings : 3.
2:37 of 3rd period - Brayden Schenn wins face-off versus Anze Kopitar in neutral zone.
2:37 of 3rd period - Brayden Schenn is hit by Anze Kopitar.
2:41 of 3rd period - Oliver Ekman-Larsson is hit by Patrick Kane and loses puck.
3:09 of 3rd period - Snap shot by Kyle Okposo.
3:09 of 3rd period - Stopped by John Gibson with a rebound.
3:15 of 3rd period - Slapshot by Hampus Lindholm.
3:15 of 3rd period - Deflect By Gabriel Landeskog.
3:15 of 3rd period - Stopped by Tuukka Rask with a rebound.
3:17 of 3rd period - Snap shot by Jake Guentzel.
3:17 of 3rd period - Deflect By Ben Smith.
3:17 of 3rd period - Shot Misses the Net.
3:17 of 3rd period - Puck is out of play.
3:18 of 3rd period - Anze Kopitar wins face-off versus Mika Zibanejad in Kings zone.
3:23 of 3rd period - Mika Zibanejad is hit by Drew Fata and loses puck.
3:28 of 3rd period - Wrist shot by David Pastrnak.
3:28 of 3rd period - Stopped by John Gibson with a rebound.
3:30 of 3rd period - Wrist shot by Anze Kopitar.
3:30 of 3rd period - Shot Misses the Net.
3:44 of 3rd period - Colton Parayko is hit by Kevin Shattenkirk and loses puck.
3:55 of 3rd period - Wrist shot by Sean Monahan.
3:55 of 3rd period - Deflect By Benoit Pouliot.
3:55 of 3rd period - Stopped by John Gibson with a rebound.
4:23 of 3rd period - Minor Penalty to Oliver Ekman-Larsson for Holding.
4:24 of 3rd period - Eric Nystrom wins face-off versus Brayden Schenn in Kings zone.
4:56 of 3rd period - Mats Zuccarello is hit by Kevin Shattenkirk and loses puck.
5:01 of 3rd period - Slapshot by Kevin Shattenkirk.
5:01 of 3rd period - Shot Misses the Net.
5:44 of 3rd period - Icing by Ben Smith.
5:45 of 3rd period - Logan Couture wins face-off versus Tyler Toffoli in Maple Leafs zone.
5:49 of 3rd period - Icing by Jake Guentzel.
5:50 of 3rd period - Ben Smith wins face-off versus Tyler Toffoli in Maple Leafs zone.
5:57 of 3rd period - Gabriel Landeskog is hit by Ben Smith and loses puck.
6:23 of 3rd period - Penalty to Oliver Ekman-Larsson is over, Oliver Ekman-Larsson is back on ice.
6:36 of 3rd period - Icing by Hampus Lindholm.
6:37 of 3rd period - Mika Zibanejad wins face-off versus Anze Kopitar in Maple Leafs zone.
6:58 of 3rd period - Wrist shot by David Pastrnak.
6:58 of 3rd period - Stopped by John Gibson with a rebound.
7:26 of 3rd period - Wrist shot by Anze Kopitar.
7:26 of 3rd period - Shot Blocked by Hampus Lindholm.
7:32 of 3rd period - Oliver Ekman-Larsson is hit by Beau Bennett and loses puck.
8:35 of 3rd period - Snap shot by Andre Burakovsky.
8:35 of 3rd period - Stopped by Tuukka Rask without a rebound.
8:36 of 3rd period - Sean Monahan wins face-off versus Brayden Schenn in Kings zone.
8:36 of 3rd period - Sean Monahan is hit by Kevin Shattenkirk.
8:50 of 3rd period - Wrist shot by Brayden Schenn.
8:50 of 3rd period - Shot Misses the Net.
8:59 of 3rd period - Icing by Sean Monahan.
9:00 of 3rd period - Nathan MacKinnon wins face-off versus Logan Couture in Kings zone.
9:00 of 3rd period - Gabriel Landeskog is hit by Ben Smith and loses puck.
9:04 of 3rd period - Minor Penalty to Logan Couture for Hooking.
9:05 of 3rd period - Chris Kelly wins face-off versus Nathan MacKinnon in Maple Leafs zone.
9:18 of 3rd period - Slapshot by Colton Parayko.
9:18 of 3rd period - Shot Misses the Net.
9:20 of 3rd period - Snap shot by Gabriel Landeskog.
9:20 of 3rd period - Shot Misses the Net.
9:22 of 3rd period - Slapshot by Kyle Okposo.
9:22 of 3rd period - Deflect By Nathan MacKinnon.
9:22 of 3rd period - Stopped by John Gibson with a rebound.
10:26 of 3rd period - Kevin Shattenkirk is hit by Benoit Pouliot and loses puck.
11:04 of 3rd period - Penalty to Logan Couture is over, Logan Couture is back on ice.
11:19 of 3rd period - Icing by Seth Jones.
11:20 of 3rd period - Logan Couture wins face-off versus Jacob Josefson in Kings zone.
11:21 of 3rd period - Backhand shot by Jake Guentzel.
11:21 of 3rd period - Stopped by Tuukka Rask without a rebound.
11:22 of 3rd period - Logan Couture wins face-off versus Nathan MacKinnon in Kings zone.
11:23 of 3rd period - Wrist shot by Ben Smith.
11:23 of 3rd period - Stopped by Tuukka Rask without a rebound.
11:24 of 3rd period - Logan Couture wins face-off versus Nathan MacKinnon in Kings zone.
11:25 of 3rd period - Snap shot by Ben Smith.
11:25 of 3rd period - Shot Blocked by Nathan MacKinnon.
11:27 of 3rd period - Snap shot by Braydon Coburn.
11:27 of 3rd period - Shot Blocked by Drew Fata.
11:41 of 3rd period - Slapshot by Hampus Lindholm.
11:41 of 3rd period - Shot Blocked by Colton Parayko.
11:51 of 3rd period - Snap shot by Benoit Pouliot.
11:51 of 3rd period - Stopped by John Gibson with a rebound.
12:13 of 3rd period - Braydon Coburn is hit by Anze Kopitar and loses puck.
12:24 of 3rd period - Snap shot by Anze Kopitar.
12:24 of 3rd period - Shot Blocked by Hampus Lindholm.
12:40 of 3rd period - Wrist shot by Jacob Josefson.
12:40 of 3rd period - Deflect By Eric Nystrom.
12:40 of 3rd period - Stopped by John Gibson without a rebound.
12:41 of 3rd period - Brayden Schenn wins face-off versus Sean Monahan in Maple Leafs zone.
13:13 of 3rd period - Minor Penalty to Drew Fata for Roughing.
13:14 of 3rd period - Eric Nystrom wins face-off versus Brayden Schenn in Kings zone.
15:13 of 3rd period - Penalty to Drew Fata is over, Drew Fata is back on ice.
15:16 of 3rd period - Slapshot by Tyler Toffoli.
15:16 of 3rd period - Stopped by John Gibson with a rebound.
15:18 of 3rd period - Snap shot by Benoit Pouliot.
15:18 of 3rd period - Stopped by John Gibson without a rebound.
15:19 of 3rd period - Anze Kopitar wins face-off versus Mika Zibanejad in Maple Leafs zone.
15:20 of 3rd period - Wrist shot by David Pastrnak.
15:20 of 3rd period - Stopped by John Gibson with a rebound.
15:32 of 3rd period - Snap shot by Beau Bennett.
15:32 of 3rd period - Shot Misses the Net.
15:34 of 3rd period - Snap shot by Andre Burakovsky.
15:34 of 3rd period - Stopped by Tuukka Rask with a rebound.
16:12 of 3rd period - Brayden Schenn is hit by Sean Monahan and loses puck.
16:44 of 3rd period - Backhand shot by Mats Zuccarello.
16:44 of 3rd period - Stopped by John Gibson without a rebound.
16:45 of 3rd period - Anze Kopitar wins face-off versus Mika Zibanejad in Maple Leafs zone.
17:14 of 3rd period - Kyle Okposo is hit by Ben Smith and loses puck.
17:21 of 3rd period - Wrist shot by Logan Couture.
17:21 of 3rd period - Shot Misses the Net.
17:47 of 3rd period - Wrist shot by Calvin de Haan.
17:47 of 3rd period - Stopped by Tuukka Rask without a rebound.
17:48 of 3rd period - Chris Kelly wins face-off versus Sean Monahan in Kings zone.
17:49 of 3rd period - Snap shot by Blake Comeau.
17:49 of 3rd period - Shot Misses the Net.
17:51 of 3rd period - Snap shot by Chris Kelly.
17:51 of 3rd period - Stopped by Tuukka Rask without a rebound.
17:52 of 3rd period - Sean Monahan wins face-off versus Brayden Schenn in Kings zone.
17:52 of 3rd period - Sean Monahan is hit by Brayden Schenn.
18:17 of 3rd period - Off-side.
18:18 of 3rd period - Nathan MacKinnon wins face-off versus Mika Zibanejad in neutral zone.
18:32 of 3rd period - Icing by Gabriel Landeskog.
18:33 of 3rd period - Brayden Schenn wins face-off versus Nathan MacKinnon in Kings zone.
18:50 of 3rd period - Wrist shot by Kyle Okposo.
18:50 of 3rd period - Goal by Kyle Okposo - Maple Leafs : 5 - Kings : 4.
18:51 of 3rd period - Brayden Schenn wins face-off versus Anze Kopitar in neutral zone.
18:53 of 3rd period - Off-side.
18:54 of 3rd period - Ken Hitchcock call a timeout for Kings.
18:54 of 3rd period - Brayden Schenn wins face-off versus Anze Kopitar in neutral zone.
19:35 of 3rd period - Wrist shot by Claude Giroux.
19:35 of 3rd period - Stopped by Tuukka Rask with a rebound.
19:37 of 3rd period - Wrist shot by Brayden Schenn.
19:37 of 3rd period - Shot Blocked by Seth Jones.
19:39 of 3rd period - Snap shot by Braydon Coburn.
19:39 of 3rd period - Shot Misses the Net.
19:41 of 3rd period - Snap shot by Brayden Schenn.
19:41 of 3rd period - Shot Misses the Net.
19:43 of 3rd period - Wrist shot by Brayden Schenn.
19:43 of 3rd period - Deflect By Claude Giroux.
19:43 of 3rd period - Stopped by Tuukka Rask with a rebound.
19:45 of 3rd period - Wrist shot by Brayden Schenn.
19:45 of 3rd period - Shot Misses the Net.
19:47 of 3rd period - Wrist shot by Kevin Shattenkirk.
19:47 of 3rd period - Shot Misses the Net.
19:49 of 3rd period - Snap shot by Claude Giroux.
19:49 of 3rd period - Shot Misses the Net.
19:51 of 3rd period - Wrist shot by Patrick Kane.
19:51 of 3rd period - Stopped by Tuukka Rask with a rebound.
19:53 of 3rd period - Snap shot by Claude Giroux.
19:53 of 3rd period - Shot Misses the Net.
19:55 of 3rd period - Snap shot by Braydon Coburn.
19:55 of 3rd period - Shot Misses the Net.
19:57 of 3rd period - Wrist shot by Brayden Schenn.
19:57 of 3rd period - Goal by Brayden Schenn - Maple Leafs : 6 - Kings : 4.
19:58 of 3rd period - Sean Monahan wins face-off versus Brayden Schenn in neutral zone.
Goals for this period are 2 for Maple Leafs vs 1 for Kings.
Shots for this period are 17 for Maple Leafs vs 12 for Kings.